 Dungeon Crawl Stone Soup version 0.23.0 (webtiles) character file.

Game seed: 12585423514515345842

1339 dengdeng the Slasher (level 8, -2/103 HPs)
             Began as a Minotaur Berserker on Feb 14, 2019.
             Was an Elder of Trog.
             Slain by an orc warrior
             ... wielding a +0 glaive
              (9 damage)
             ... on level 6 of the Dungeon.
             The game lasted 00:17:24 (4835 turns).

dengdeng the Slasher (Minotaur Berserker)           Turns: 4835, Time: 00:17:25

Health: -2/103     AC: 12    Str: 29    XL:     8   Next: 35%
Magic:  7/7        EV:  8    Int:  4    God:    Trog [****..]
Gold:   197        SH:  0    Dex: 10    Spells: 7/7 levels left

rFire    . . .     SeeInvis .   b - +4 great sword (holy)
rCold    . . .     Gourm    .   (shield currently unavailable)
rNeg     . . .     Faith    +   o - +0 plate armour
rPois    .         Spirit   .   (helmet restricted)
rElec    .         Reflect  .   (no cloak)
rCorr    .         Harm     .   (no gloves)
MR       .....                  (no boots)
Stlth    ..........             p - amulet of faith
HPRegen  0.27/turn              f - ring of stealth
MPRegen  0.10/turn              (no ring)

@: berserking, lethally poisoned (-2 -> -8), lightly drained, very quick
A: retaliatory headbutt, horns 2
a: Berserk, Trog's Hand, Brothers in Arms, Renounce Religion


You were on level 6 of the Dungeon.
You worshipped Trog.
Trog was greatly pleased with you.
You were hungry.

You visited 1 branch of the dungeon, and saw 6 of its levels.

You collected 387 gold pieces.
You spent 190 gold pieces at shops.

Inventory:

Hand Weapons
 a - a +0 hand axe
 b - a +4 great sword of holy wrath (weapon)
Missiles
 h - 165 stones (quivered)
 n - 9 javelins
Armour
 o - a +0 plate armour (worn)
Jewellery
 f - a ring of stealth (left hand)
 p - an amulet of faith (around neck)
Wands
 w - a wand of flame (24)
 y - a wand of disintegration (10)
Scrolls
 e - 2 scrolls of remove curse {unknown}
 g - 3 scrolls of immolation {unknown}
 i - a scroll of amnesia {unknown}
 j - a scroll of blinking {unknown}
 k - 5 scrolls of teleportation {unknown}
 l - 7 scrolls of identify {unknown}
Potions
 d - 2 potions of mutation {unknown}
 m - a potion of invisibility
 q - 2 potions of heal wounds {unknown}
 r - a potion of flight {unknown}
 s - a potion of haste {unknown}
 u - 2 potions of might {unknown}
 v - a potion of brilliance {unknown}
 x - a potion of curing {unknown}
Comestibles
 c - 10 rations


   Skills:
 + Level 5.5(5.4) Fighting
 * Level 7.4(7.2) Long Blades
 + Level 7.2(7.0) Axes
 + Level 0.5(0.3) Throwing
 + Level 5.8(5.6) Armour
 + Level 3.1(2.9) Dodging
 + Level 0.1(0.0) Stealth


You had 7 spell levels left.
You didn't know any spells.
Your spell library was empty.

Dungeon Overview and Level Annotations

Branches:
Dungeon (6/15)             Temple (0/1) D:4

Altars:
Ashenzari
Uskayaw
Beogh

Shops:
D:4 [}*

Annotations:
D:6 Baril's ghost, novice DEEE


Innate Abilities, Weirdness & Mutations

You reflexively headbutt those who attack you in melee.
You have a pair of horns on your head.


Message History

The orc warrior barely misses you.
Unknown command.
A red film seems to cover your vision as you go berserk!
You feel yourself moving faster!
You feel mighty!
You are feeling hungry.
Baril's ghost gestures at you while chanting.
The wall shatters!
The blast of rock fragments hits you.
The orc warrior hits you with a +7 great mace!
* * * LOW HITPOINT WARNING * * *
The orc warrior hits you from afar with a +0 glaive!
* * * LOW HITPOINT WARNING * * *
You slice the orc warrior!!
You kill the orc warrior!
Trog accepts your kill.
You slice Baril's ghost!!
Baril's ghost convulses!
Baril's ghost is severely damaged.
Baril's ghost hits you but does no damage.
You are poisoned.
The orc warrior hits you from afar with a +0 glaive!
You die...

#.........#......#..##..#.#
#................#..#8..#.#
#................#..##..#.#
.....8.8.8.#.....#.#....#.#
#..........#####.'.#...[#.#
#.....#....##.#.oo.#.8._#.#
#.....+.........oo.#...[#.#
#.....#........+W#o#...)#.#
+.....#........#@#o.##..#.#
########......##.#..#8..#.#
.......########..#..##..#.#
.............[...#.....8####
................8########..#
....>......................#
...........................#
###'###....................#
#.....#....................#


You could see 2 orc warriors, an orc priest, Baril's ghost and 3 orcs.

Vanquished Creatures
  Sigmund (D:2)
  An orc warrior (D:6)
  2 phantoms (D:5)
  2 ogres
  A centaur (D:6)
  A bullfrog (D:6)
  A scorpion (D:6)
  2 crimson imps
  A centaur zombie (D:5)
  2 jellies (D:6)
  An orc priest (D:6)
  2 orc wizards (D:6)
  An iguana (D:4)
  3 worker ants (D:5)
  A hound skeleton (D:4)
  3 gnolls (D:6)
  5 adders
  2 shadow imps (D:5)
  An adder zombie (D:5)
  An adder skeleton (D:4)
  2 worms
  2 dart slugs (D:2)
  3 leopard geckos
  6 orcs (D:6)
  3 ball pythons
  8 giant cockroaches
  10 goblins
  6 hobgoblins
  5 jackals
  7 kobolds
  A quokka (D:5)
  8 bats
  7 frilled lizards
  A leopard gecko skeleton (D:4)
  A quokka zombie (D:6)
  5 rats
109 creatures vanquished.

Notes
Turn   | Place    | Note
-------+----------+-------------------------------------------
     0 | D:1      | dengdeng the Minotaur Berserker began the quest for the
                  | Orb.
     0 | D:1      | Reached XP level 1. HP: 19/19 MP: 0/0
   255 | D:1      | Reached XP level 2. HP: 26/27 MP: 1/1
  1039 | D:2      | Reached XP level 3. HP: 33/33 MP: 2/2
  1052 | D:2      | Reached ** piety under Trog
  1209 | D:2      | Noticed Sigmund
  1217 | D:2      | Killed Sigmund
  1217 | D:2      | Reached XP level 4. HP: 21/41 MP: 3/3
  1217 | D:2      | Reached XP level 5. HP: 24/47 MP: 4/4
  1423 | D:2      | Found a shattered altar of Ashenzari.
  2283 | D:4      | Found Eckoher's Gadget Shoppe.
  2362 | D:4      | Found a staircase to the Ecumenical Temple.
  2367 | D:4      | Reached XP level 6. HP: 55/55 MP: 5/5
  2780 | D:4      | Found Jajoasy's Assorted Antiques.
  2788 | D:4      | Bought a runed great sword for 190 gold pieces
  2894 | D:4      | Reached *** piety under Trog
  2954 | D:4      | Found Wegez's Antique Armour Shop.
  3061 | D:5      | Entered Level 5 of the Dungeon
  3134 | D:5      | Reached skill level 5 in Fighting
  3134 | D:5      | Reached skill level 1 in Long Blades
  3382 | D:5      | Reached XP level 7. HP: 61/61 MP: 6/6
  3763 | D:5      | Reached skill level 5 in Armour
  4002 | D:6      | Reached skill level 5 in Long Blades
  4311 | D:6      | Found a hide-covered altar of Uskayaw.
  4318 | D:6      | Reached XP level 8. HP: 68/68 MP: 7/7
  4336 | D:6      | Found a runed translucent gate.
  4339 | D:6      | Found a runed translucent gate.
  4340 | D:6      | Found a runed translucent gate.
  4342 | D:6      | Noticed Baril's ghost (novice DEEE)
  4347 | D:6      | Found a roughly hewn altar of Beogh.
  4370 | D:6      | Reached **** piety under Trog
  4835 | D:6      | Slain by an orc warrior

Skill      XL: |  1  2  3  4  5  6  7  8 |
---------------+-------------------------+-----
Axes           | 4 6 7 |  7.2
Fighting       | 4 5 |  5.5
Armour         | 3 4 5 |  5.8
Dodging        | 3 |  3.1
Long Blades    | 2 6 7 |  7.4
Throwing       | |  0.5
Stealth        | |  0.1

Action                   |  1- 3 |  4- 6 |  7- 9 || total
-------------------------+-------+-------+-------++-------
Melee: Hand axe          |    95 |    71 |       ||   166
       Headbutt          |    14 |    14 |    14 ||    42
       Great sword       |       |    28 |    73 ||   101
Throw: Stone             |     4 |       |     9 ||    13
Invok: Berserk           |       |       |     1 ||     1
  Eat: Chunk             |     1 |     5 |     3 ||     9
       Ration            |       |       |     1 ||     1
Armor: Chain mail        |    54 |    15 |       ||    69
       Plate armour      |       |    48 |    71 ||   119
Dodge: Dodged            |    53 |    38 |    41 ||   132
       Rpst.: Great sword |       |     3 |    15 ||    18
